 Dungeon Crawl Stone Soup version 0.27-a0-550-ge92ec0ca06 (webtiles) character file.

Game seed: 18034885843145044357

105 igorguim the Sneak (level 4, -2/29 HPs)
             Began as an Octopode Gladiator on Mar 8, 2021.
             Was a Believer of Lugonu.
             Slain by a gnoll
             ... wielding a +0 spear
              (5 damage)
             ... on level 4 of the Dungeon.
             The game lasted 00:10:55 (2377 turns).

igorguim the Sneak (Octopode Gladiator)             Turns: 2377, Time: 00:10:55

Health: -2/29      AC:  3    Str: 13    XL:     4   Next: 81%
Magic:  4/4        EV: 14    Int: 10    God:    Lugonu [**....]
Gold:   149        SH:  0    Dex: 14    Spells: 3/3 levels left

rFire    . . .     SeeInvis .   a - +0 rapier
rCold    . . .     Faith    .   (no shield)
rNeg     . . .     Spirit   .   b - +2 hat
rPois    .         Reflect  .   (no amulet)
rElec    .         Harm     .   (no ring)
rCorr    .         Rampage  .   (no ring)
Will     .....                  (no ring)
Stlth    ++++......             (no ring)
HPRegen  0.09/turn              (no ring)
MPRegen  0.09/turn              (no ring)
                                (no ring)
                                (no ring)

@: no status effects
A: almost no armour, amphibious, 8 rings, constrict 8, camouflage 1, gelatinous
body 1, nimble swimmer 1
a: Renounce Religion, Depart the Abyss, Bend Space


You were on level 4 of the Dungeon.
You worshipped Lugonu.
Lugonu was pleased with you.
You visited 1 branch of the dungeon, and saw 4 of its levels.

You collected 149 gold pieces.

Inventory:

Hand Weapons
 a - a +0 rapier (weapon)
Armour
 b - a +2 hat (worn)
Scrolls
 h - a scroll of teleportation {unknown}
 m - a scroll of fear {unknown}
 p - a scroll of enchant weapon {unknown}
Potions
 g - a potion of lignification {unknown}
 i - 2 potions of brilliance {unknown}
 j - 2 potions of flight {unknown}
 k - a potion of berserk rage {unknown}
 n - a potion of haste
 o - a potion of cancellation {unknown}
 q - a potion of magic {unknown}


   Skills:
 - Level 2.1 Fighting
 + Level 3.3 Short Blades
 - Level 2.0 Throwing
 + Level 3.4 Dodging
 * Level 5.1 Stealth


You had 3 spell levels left.
You didn't know any spells.
Your spell library was empty.

Dungeon Overview and Level Annotations

Branches:
Dungeon (4/15)
 Temple: D:4-7

Altars:
Lugonu


Innate Abilities, Weirdness & Mutations

You cannot wear most types of armour.
You are amphibious.
You can wear up to eight rings at the same time.
You can use your tentacles to constrict eight enemies at once.
Your skin changes colour to match your surroundings (Stealth+).
Your rubbery body absorbs attacks. (AC +1, EV +1)
You are stealthy while swimming. (Stealth+)


Message History

* * * LOW HITPOINT WARNING * * *
The gnoll closely misses you.
You see here a gnoll corpse.
You puncture the gnoll! You grab the gnoll.
The gnoll is heavily wounded.
You constrict the gnoll, but do no damage.
The gnoll barely misses you. x2
You hit the gnoll but do no damage.
The gnoll is heavily wounded.
You constrict the gnoll. The gnoll closely misses you.
The gnoll hits you with a +0 spear.
* * * LOW HITPOINT WARNING * * *
You hit the gnoll.
The gnoll is almost dead.
You constrict the gnoll.
You kill the gnoll!
Lugonu accepts your kill. The gnoll misses you.
Your Stealth skill increases to level 5!
You feel much better. The gnoll barely misses you.
You hit the gnoll. You grab the gnoll.
The gnoll is lightly wounded.
You constrict the gnoll. The gnoll barely misses you.
You barely miss the gnoll.
The gnoll is moderately wounded.
You constrict the gnoll. The gnoll hits you! The gnoll closely misses you.
You hit the gnoll.
The gnoll is severely wounded.
You constrict the gnoll. The gnoll hits you!
The gnoll hits you from afar with a +0 spear.
* * * LOW HITPOINT WARNING * * *
You release your grip on the gnoll.
The gnoll hits you.
* * * LOW HITPOINT WARNING * * *
The gnoll closely misses you.
Things that are here:
a +0 spear; a gnoll corpse You completely miss the gnoll.
You grab the gnoll.
You constrict the gnoll, but do no damage.
The gnoll barely misses you. The gnoll hits you with a +0 spear.
You die...

##....####.## ##.
....### #.#
###........ ##.. ##..#
##.# #.......... ##.†#
##.# ##.## #..........
##..## #.# ##.##
#..........# #..##
#.###.## #...........#
#.## ###....##
#...........###.#
#.....##
#..g.........##.#
..##..#
#..@..[.......#.#
#####.#
#..†g...........# #
#.# #..............##
# #.#
#...†...........## #
#.# #................#
# #..
#................... #
#..
#................... #
##.
..........$..........#
# ..
#....................#


You could see 2 gnolls.

Vanquished Creatures
  A hound (D:4)
  2 gnolls (D:4)
  2 adders
  An ooze (D:3)
  3 orcs
  A ball python (D:3)
  3 goblins
  2 hobgoblins (D:2)
  3 quokkas
  5 bats
  2 frilled lizards (D:2)
  4 kobolds
  8 rats
37 creatures vanquished.

Notes
Turn   | Place    | Note
-------+----------+-------------------------------------------
     0 | D:1      | igorguim the Octopode Gladiator began the quest for the
                  | Orb.
     0 | D:1      | Reached XP level 1. HP: 14/14 MP: 1/1
   151 | D:1      | Reached skill level 1 in Stealth
   160 | D:1      | Reached skill level 2 in Stealth
   478 | D:1      | Reached XP level 2. HP: 19/19 MP: 2/2
   653 | D:2      | Reached skill level 3 in Stealth
   731 | D:2      | Found a faded altar of an unknown god.
  1082 | D:2      | Reached XP level 3. HP: 24/24 MP: 3/3
  1216 | D:2      | Became a worshipper of Lugonu the Unformed
  1216 | D:2      | Reached * piety under Lugonu
  1216 | D:2      | Reached ** piety under Lugonu
  1282 | D:3      | Reached skill level 4 in Stealth
  1814 | D:3      | HP: 1/24 [orc priest/divine providence (14)]
  2348 | D:4      | Reached XP level 4. HP: 28/29 MP: 4/4
  2372 | D:4      | Reached skill level 5 in Stealth
  2377 | D:4      | Slain by a gnoll

Illustrated notes

Levels and vault maps discovered:
D:1:      dpeg_arrival_houses_and_road, layout_rooms, minmay_misc_feat_five
D:2:      layout_rooms, chequers_ecumenical_altar_grove
D:3:      layout_rooms
D:4:      layout_layer_cave, general_overflow_altar

Skill      XL: |  1  2  3  4 |
---------------+-------------+-----
Stealth        | 2 3 4 5 |  5.1
Fighting       | |  2.1
Short Blades   | |  3.3
Throwing       | |  2.0
Dodging        | |  3.4

Action                   |  1- 3 |  4- 6 || total
-------------------------+-------+-------++-------
Melee: Rapier            |    56 |    11 ||    67
       Tentacles         |    13 |     2 ||    15
       Constrict         |    14 |     5 ||    19
Throw: Throwing net      |     3 |       ||     3
  Use: Scroll            |     5 |       ||     5
       Potion            |     2 |     1 ||     3
 Stab: Sleeping          |    10 |       ||    10
Armor: Skin              |     3 |     1 ||     4
Dodge: Dodged            |    30 |    14 ||    44

Table legend: (Time is in decaauts)
 A = Elapsed time spent in this place.
 B = Non-inter-level travel time spent in this place.
 C = Inter-level travel time spent in this place.
 D = Time resting spent in this place.
 E = Time spent auto-exploring this place.
 F = Levels seen in this place.
 G = Mean time per level.
                   A        B        C        D        E       F      G
               +--------+--------+--------+--------+--------+-----+--------+
         Total |   2358 |   2247 |    111 |    506 |   1389 |   4 |  589.5 |
       Dungeon |   2358 |   2247 |    111 |    506 |   1389 |   4 |  589.5 |
               +--------+--------+--------+--------+--------+-----+--------+

Top non-repeatable levels by time:
     D:2: 693 daAuts
     D:1: 577 daAuts
     D:3: 545 daAuts
     D:4: 543 daAuts
